Map: Dead of Night

Players

irongrand

  • Race: Terran Terran
  • Spawn Location: 0:00

NamroodTuo

  • Race: Zerg Zerg

VOD

Have the link to the VOD?

Description

Time

  • Played on: April 24, 2023, 8:20 a.m.
  • Length: 30:10
Show
View Real Time Build Order
Export as new Build Order

irongrand Terran 

Build Orders:  

Get SALT Encoding   

  12  0:04  SCV  
  13  0:20  SCV  
  14  0:37  SCV  
  15  0:44  Supply Depot  
  15  0:54  SCV  
  16  1:05  Barracks  
  16  1:11  SCV  
  17  1:28  SCV  
  18  1:45  SCV  
  19  2:02  SCV  
  19  2:06  Command Center  
  20  2:19  SCV  
  21  2:23  Refinery  
  21  2:36  SCV  
  21  2:39  Refinery  
  22  2:53  SCV  
  23  3:02  Bunker  
  23  3:29  Supply Depot  
  23  3:32  SCV  
  24  3:45  Marine, Refinery  
  24  3:49  SCV  
  26  3:55  Marine  
  27  4:05  Marine  
  27  4:06  SCV  
  29  4:16  Bunker  
  29  4:23  SCV  
  30  4:33  Factory  
  30  4:40  SCV  
  30  4:41  Marine  
  32  4:51  Marine  
  32  4:57  SCV  
  34  5:14  SCV  
  35  5:31  SCV  
  35  5:34  Starport  
  35  5:36  Marine  
  37  5:48  SCV  
  38  5:53  Marine  
  38  5:55  Factory Tech Lab  
  39  6:05  SCV  
  39  6:09  Marine  
  41  6:22  SCV  
  41  6:27  Armory  
  42  6:32  Starport Tech Lab  
  42  6:39  SCV  
  42  6:48  Supply Depot  
  42  6:56  SCV  
  42  6:58  Engineering Bay  
  43  7:10  Supply Depot  
  43  7:13  SCV  
  44  7:29  SCV  
  44  7:36  Armory  
  44  7:37  Siege Tank  
  45  7:46  SCV  
  49  7:53  Missile Turret  
  49  8:02  Structure Armor  
  49  8:08  Advanced Optics  
  49  8:12  SCV  
  50  8:22  Missile Turret  
  50  8:41  Orbital Command  
  50  9:12  Command Center  
  50  9:23  Terran Vehicle and Ship Weapons Level 1  
  50  9:27  Siege Tank  
  53  9:40  Terran Infantry Weapons Level 1  
  53  10:00  Bunker  
  53  10:13  Terran Vehicle And Ship Armor Level 1  
  53  10:26  Siege Tank  
  56  10:36  Bunker  
  56  10:47  Siege Tank  
  59  11:08  Bunker  
  59  11:14  Missile Turret  
  56  11:44  Orbital Command  
  56  11:53  Siege Tank  
  59  12:03  Missile Turret  
  59  12:27  Orbital Command  
  59  12:31  Missile Turret  
  51  13:14  SCV  
  52  13:26  Siege Tank  
  55  13:31  SCV  
  56  13:46  Siege Tank  
  56  13:48  Terran Vehicle and Ship Weapons Level 2, SCV  
  60  13:50  Terran Vehicle And Ship Armor Level 2  
  59  14:05  SCV  
  59  14:06  Siege Tank  
  61  14:22  SCV  
  56  14:38  Siege Tank  
  56  14:39  SCV  
  55  14:56  SCV  
  55  15:13  SCV  
  56  15:30  SCV  
  56  15:39  Command Center  
  57  15:47  SCV  
  58  16:18  Bunker  
  58  16:41  Command Center  
  58  16:48  Siege Tank  
  61  17:01  Bunker  
  61  17:21  SCV  
  62  17:34  Bunker  
  62  17:36  Orbital Command  
  62  17:38  SCV  
  63  17:55  SCV  
  64  18:04  Missile Turret  
  64  18:12  SCV  
  64  18:13  Bunker  
  65  18:28  Missile Turret  
  65  18:31  Missile Turret  
  65  18:45  Orbital Command  
  65  18:48  Terran Vehicle and Ship Weapons Level 3  
  65  18:56  Terran Vehicle And Ship Armor Level 3  
  65  19:08  Siege Tank  
  68  19:23  Missile Turret  
  68  19:45  Siege Tank  
  67  20:08  Siege Tank  
  67  20:23  SCV  
  65  21:00  Siege Tank  
  68  21:17  Missile Turret  
  59  21:40  SCV  
  46  22:48  SCV  
  47  22:58  SCV  
  48  23:05  SCV  
  49  23:15  SCV  
  50  23:22  SCV  
  50  23:24  Missile Turret  
  51  23:31  SCV  
  51  23:39  SCV  
  53  23:48  SCV  
  54  23:52  Missile Turret  
  54  23:56  SCV  
  54  23:59  Command Center  
  55  24:05  SCV  
  56  24:19  SCV, Missile Turret  
  57  24:25  SCV  
  58  24:36  SCV  
  58  24:37  Afterburners  
  59  24:47  Missile Turret  
  59  24:49  Supply Depot  
  59  24:53  SCV  
  60  25:06  Bunker  
  60  25:27  Bunker  
  60  25:36  Bunker  
  60  25:39  Bunker  
  60  25:52  Orbital Command  
  60  25:59  Missile Turret  
  59  26:18  Bunker  
  59  26:38  Siege Tank  
  59  26:44  Starport Tech Lab  
  61  27:02  SCV  
  60  27:19  SCV  
  61  27:36  SCV  
  58  27:53  SCV  
Show
View Real Time Build Order
Export as new Build Order

NamroodTuo Zerg 

Build Orders:  

Get SALT Encoding   

  12  0:20  Infested Barracks  
  12  0:30  Infested SCV  
  13  0:40  Overlord  
  13  0:46  Infested SCV  
  14  0:57  Infested SCV  
  15  1:09  Infested SCV  
  16  1:11  Infested SCV  
  17  1:28  Infestation Level 1  
  17  1:32  Infested SCV  
  18  1:45  Infested SCV  
  19  1:50  Infested Refinery  
  19  2:03  Infested SCV  
  19  2:05  Infested SCV  
  21  2:10  Overlord  
  21  2:28  Infested SCV  
  22  2:46  Infested Bunker  
  26  2:50  Infested SCV  
  26  2:57  Infested SCV  
  28  3:18  Infested Engineering Bay  
  28  3:22  Infested SCV  
  29  3:38  Infested Marine x2  
  31  3:55  Overlord x2  
  31  3:59  Regenerative Plating  
  30  4:06  Infested Marine  
  29  4:33  Infested Bunker  
  33  4:46  Infested Marine x5  
  33  4:47  Infested Marine x3  
  41  5:03  Infested SCV x3  
  41  5:04  Infested SCV  
  42  5:14  Infested Marine x2  
  42  5:15  Infested Marine  
  42  5:18  Infestation Level 2  
  43  5:21  Stukov Infantry Weapons Level 1  
  43  5:29  Infested Refinery  
  39  5:55  Infested SCV x4  
  39  5:57  Infested Refinery  
  43  6:08  Infested Marine x3  
  43  6:09  Infested Marine x2  
  46  6:26  Overlord x2  
  41  7:01  Infested SCV x2  
  43  7:18  Anaerobic Enhancement, Infested Bunker  
  47  7:34  Infested Marine  
  47  7:35  Infested Marine x15  
  63  8:01  Stukov Infantry Armor Level 1  
  63  8:07  Overlord x4  
  62  8:18  Broodling Gestation  
  59  8:25  Infested Bunker  
  59  9:08  Unknown  
  51  10:29  Infested Bunker  
  59  10:45  Infested Factory  
  59  11:17  Infested Bunker  
  59  11:37  Infested SCV x4  
  59  11:38  Infested SCV  
  64  11:48  Overseer x4  
  64  11:54  Infested Armory  
  64  11:56  Infested Factory Tech Lab  
  64  12:09  Infested Bunker  
  68  12:26  Infested Siege Tank x2  
  68  12:27  Infested Siege Tank  
  77  12:43  Infested Bunker  
  77  12:49  Infested Missile Turret  
  80  13:26  Infestation Level 3  
  80  13:29  Calcified Armor  
  80  13:36  Infested Barracks Tech Lab  
  80  13:45  Infested Siege Tank x2  
  86  14:08  Infested Marine  
  86  14:09  Infested Marine x12  
  95  14:21  Retinal Augmentation  
  95  14:28  Automated Mitosis  
  95  14:29  Stukov Infantry Armor Level 2  
  82  14:59  Stukov Vehicle and Ship Armor Level 1  
  76  15:16  Infested Marine  
  76  15:17  Infested Marine x2  
  76  15:18  Infested Marine x8  
  76  15:19  Infested Marine x8  
  95  15:21  Plagued Munitions  
  76  15:46  Infested Siege Tank  
  76  15:47  Infested Diamondback x2  
  85  16:27  Infested Marine  
  85  16:28  Infested Marine x9  
  95  16:33  Overlord x3  
  95  16:34  Overlord x2  
  85  17:39  Stukov Infantry Weapons Level 2, Stukov Vehicle and Ship Weapons Level 1  
  85  17:42  Infested Marine  
  85  17:43  Infested Marine x17  
  85  17:44  Infested Marine x2  
  94  18:34  Acidic Enzymes  
  94  18:38  Infested Diamondback  
  94  18:39  Infested Siege Tank, Infested Diamondback  
  96  18:40  Infested Diamondback  
  97  19:09  Infested Siege Tank, Infested Diamondback  
  100  20:19  Stukov Vehicle and Ship Armor Level 2  
  100  20:32  Infested Diamondback  
  100  20:33  Infested Siege Tank, Infested Diamondback  
  100  20:34  Infested Siege Tank  
  112  20:49  Stukov Infantry Armor Level 3  
  112  21:11  Infested Siege Tank, Infested Diamondback  
  118  22:01  Infested Bunker  
  118  22:08  Overlord x2  
  95  23:14  Infested Marine  
  95  23:15  Infested Marine x16  
  95  23:16  Infested Marine x2  
  114  23:29  Stukov Vehicle and Ship Weapons Level 2  
  95  23:50  Infested Marine  
  95  23:51  Infested Marine x7  
  103  24:03  Infested Barracks  
  95  24:15  Infested Marine  
  95  24:16  Infested Marine x4  
  100  24:28  Stukov Infantry Weapons Level 3  
  95  25:47  Infested Marine x6  
  95  25:48  Infested Marine x16  
  98  27:20  Infested SCV x2  
  98  27:21  Infested SCV  
  101  27:33  Infested SCV x2  
  101  27:35  Aggressive Incubation  
  101  27:37  Overlord  
  86  28:07  Infested Bunker  
  64  28:33  Infested Bunker  
  62  28:54  Infested Bunker  
  62  29:01  Infested Marine  
  62  29:02  Infested Marine x16  
Tags
 
Commander
RaynorStukov
Matchup
Co-op
Replay Pack
Multiplayer
Add a new tag
Caveats
  • Supply blocks, unpowered buildings, or Contaminate may cause inaccurate times.
  • Supply counts are checked every 10 seconds.